 Dungeon Crawl Stone Soup version 0.30.0-29-ga12c61a403 (webtiles) character file.

Game seed: 7389045831951524674

1346 Fecro the Covert (level 8, 0/39 HPs)
             Began as a Spriggan Brigand on June 17, 2023.
             Slain by a water moccasin (1 damage)
             ... on level 6 of the Dungeon.
             The game lasted 00:28:00 (6071 turns).

Fecro the Covert (Spriggan Brigand)                 Turns: 6071, Time: 00:28:01

Health: 0/39       AC:  3    Str:  7    XL:     8   Next: 36%
Magic:  14/14      EV: 17    Int: 13    God:
Gold:   290        SH:  0    Dex: 18    Spells: 13/13 levels left

rFire   . . .        a - +2 dagger
rCold   . . .        (no shield)
rNeg    . . .        b - +0 robe
rPois   .            (helmet restricted)
rElec   .            c - +0 cloak
rCorr   .            (gloves unavailable)
SInv    +            (boots unavailable)
Will    +....        (no amulet)
Stlth   +++++        (no ring)
HPRegen 0.26/turn    (no ring)
MPRegen 0.14/turn

%: no passive effects
@: very quick
A: very small, no large weapons, unfitting armour, see invisible, speed 3
a: no special abilities


You were on level 6 of the Dungeon.
You visited 1 branch of the dungeon, and saw 6 of its levels.

You collected 290 gold pieces.

Inventory:

Hand Weapons
 a - a +2 dagger (weapon)
Missiles
 d - 8 poisoned darts
 e - 7 curare-tipped darts (quivered)
 s - a throwing net
 v - a boomerang
Armour
 b - a +0 robe (worn)
 c - a +0 cloak (worn)
Wands
 y - a wand of roots (11)
Scrolls
 f - 4 scrolls of identify {unknown}
 g - 2 scrolls of noise {unknown}
 h - 2 scrolls of blinking {unknown}
 i - a scroll of enchant weapon {unknown}
 j - a scroll of immolation {unknown}
 m - a scroll of amnesia {unknown}
 n - a scroll of fear {unknown}
 o - 4 scrolls of teleportation {unknown}
 p - 3 scrolls of poison {unknown}
 q - 2 scrolls of enchant armour {unknown}
 t - a scroll of brand weapon {unknown}
 w - a scroll of fog {unknown}
Potions
 k - 4 potions of attraction {unknown}
 l - 3 potions of heal wounds {unknown}
 r - 4 potions of curing {unknown}
 u - 2 potions of haste {unknown}
 x - 3 potions of mutation {unknown}
 z - a potion of flight {unknown}


   Skills:
 + Level 2.4 Fighting
 + Level 4.3 Short Blades
 * Level 6.6 Throwing
 + Level 2.7 Dodging
 + Level 10.3 Stealth
 * Level 3.4 Spellcasting
 * Level 2.1 Translocations


You had 13 spell levels left.
You didn't know any spells.
Your spell library contained the following spells:

 Spells                   Type           Power      Damage    Failure   Level
 Apportation              Tloc           14%        N/A       9%          1
 Beastly Appendage        Tmut           4%         N/A       22%         1
 Shock                    Conj/Air       8%         1d3       22%         1
 Wereblood                Tmut           2%         N/A       32%         2
 Volatile Blastmotes      Fire/Tloc      10%        2d10      38%         3
 Ozocubu's Armour         Ice            2%         N/A       54%         3
 Spider Form              Tmut/Pois      2%         N/A       54%         3
 Swiftness                Air            2%         N/A       54%         3
 Iskenderun's Mystic Bla  Conj/Tloc      5%         2d3       80%         4
 Airstrike                Air            1%         2d(1-17)  91%         4
 Fulminant Prism          Conj/Hex       1%         3d5       91%         4
 Alistair's Intoxication  Tmut/Pois      1%         N/A       99%         5
 Lee's Rapid Deconstruct  Erth           1%         3d4*      99%         5
 Metabolic Englaciation   Hex/Ice        1%         N/A       99%         5
 Simulacrum               Ice/Necr       1%         N/A       100%        6


Dungeon Overview and Level Annotations

Branches:
Dungeon (6/15)
 Temple: D:4-7

Altars:
Gozag
Sif Muna
Vehumet


Innate Abilities, Weirdness & Mutations

You are very small and have problems with some larger weapons.
You are too small for most types of armour.
You have supernaturally acute eyesight. (SInv)
You cover ground extremely quickly. (Speed+++)


Message History

There is an open door here.
The water moccasin hisses angrily.
You hit the water moccasin.
The water moccasin is lightly wounded.
The water moccasin barely misses you. The water moccasin bites you.
You are poisoned.
The water moccasin poisons you!
You hit the water moccasin.
The water moccasin is lightly wounded.
You feel sick. The water moccasin barely misses you.
You feel sick.
You feel sick.
You feel sick.
You feel sick.
There is an open door here.
You feel sick.
You feel sick.
You feel sick.
The steam dragon hisses angrily.
The steam dragon breathes steam at you. The ball of steam misses you.
You are engulfed in a cloud of scalding steam.
You feel sick.
You are engulfed in a cloud of scalding steam.
You feel sick.
You are no longer poisoned.
You are engulfed in a cloud of scalding steam.
The water moccasin is engulfed in a cloud of scalding steam.
You are engulfed in a cloud of scalding steam.
* * * LOW HITPOINT WARNING * * *
The water moccasin is engulfed in a cloud of scalding steam.
The water moccasin bites you.
* * * LOW HITPOINT WARNING * * *
The water moccasin is engulfed in a cloud of scalding steam.
The water moccasin is engulfed in a cloud of scalding steam.
There is an open door here.
You open the door. The water moccasin bites you!
* * * LOW HITPOINT WARNING * * *
The water moccasin bites you.
You die...

..†....# ##.## ###.###
###.#### #.# #.# #.# #.#
######.### #.# ##'##
#........# ###.# ##...##
#.####.#.# ....# ##...D.##
#.###....# ##.## ##.......##
#......#.#
#...####.........###.....##.#
.......+.......S@'.......##.#
#...####.........###.....##.#
...## ##.......## #.#.#....#
.#..# ##.....## #........#
###.# ##...## #####.####
.#..# ##+## #.# ...#######
#.# #.# .........# #.# #.#
.)######.###.###########.#


You could see a steam dragon and a water moccasin.

Vanquished Creatures
  Pikel (D:4)
  2 black bears
  3 lemures (D:4)
  A scorpion (D:3)
  Crazy Yiuf (D:3)
  A gnoll bouda (D:4)
  5 hounds
  A jelly (D:5)
  4 iguanas
  11 gnolls
  9 adders
  4 worms
  2 dart slugs
  5 orcs (D:4)
  8 bats
  9 endoplasms
  A giant cockroach (D:4)
  10 goblins
  6 hobgoblins
  3 quokkas
  3 ball pythons
  2 frilled lizards
  7 kobolds
  8 rats
107 creatures vanquished.

Notes
Turn   | Place    | Note
-------+----------+-------------------------------------------
     0 | D:1      | Fecro the Spriggan Brigand began the quest for the Orb.
     0 | D:1      | Reached XP level 1. HP: 10/10 MP: 2/2
    30 | D:1      | Reached skill level 6 in Stealth
   131 | D:1      | Reached XP level 2. HP: 12/14 MP: 3/3
   346 | D:1      | You fall into a shaft and drop 1 floor!
   447 | D:1      | Reached skill level 7 in Stealth
   712 | D:1      | Reached XP level 3. HP: 18/18 MP: 4/4
  1000 | D:2      | Found a faded altar of an unknown god.
  1014 | D:2      | Prayed at the altar of an unknown god.
  1014 | D:2      | Became a worshipper of Sif Muna the Loreminder
  1014 | D:2      | Reached * piety under Sif Muna
  1019 | D:2      | Fell from the grace of Sif Muna
  1675 | D:2      | Found a radiant altar of Vehumet.
  1852 | D:3      | Reached XP level 4. HP: 23/23 MP: 5/5
  2039 | D:3      | Noticed a scorpion
  2083 | D:3      | Killed a scorpion
  2084 | D:3      | Reached skill level 8 in Stealth
  2213 | D:3      | Reached XP level 5. HP: 21/26 MP: 6/6
  2370 | D:3      | Found a runed translucent door.
  2371 | D:3      | Noticed Crazy Yiuf
  2399 | D:3      | Killed Crazy Yiuf
  2959 | D:4      | Noticed a lemure
  2960 | D:4      | Noticed a lemure
  2960 | D:4      | Noticed a lemure
  2987 | D:4      | Found an opulent altar of Gozag.
  3040 | D:4      | Reached skill level 9 in Stealth
  3149 | D:4      | Noticed a black bear
  3156 | D:4      | Killed a black bear
  3157 | D:4      | Reached skill level 1 in Spellcasting
  3157 | D:4      | Reached XP level 6. HP: 30/30 MP: 6/8
  3209 | D:4      | Noticed Pikel
  3695 | D:4      | Killed Pikel
  3696 | D:4      | Reached skill level 5 in Throwing
  3696 | D:4      | Reached skill level 10 in Stealth
  3696 | D:4      | Reached XP level 7. HP: 35/35 MP: 5/12
  3960 | D:5      | Entered Level 5 of the Dungeon
  4087 | D:5      | Reached XP level 8. HP: 39/39 MP: 13/13
  5041 | D:5      | Reached skill level 1 in Translocations
  6071 | D:6      | HP: 1/39 [water moccasin (9)]
  6071 | D:6      | Slain by a water moccasin

Illustrated notes

Levels and vault maps discovered:
D:1:      lightli_arrival_noodles, layout_loops_ring, serial_bayou_lagoon_a,
          minmay_hexomino_u4
D:2:      mumra_celtic_spiral_tile, layout_basic, basic_altar,
          shapermc_ecumenical_altar_pompeii,
          nicolae_concentric_dashed_squares_wild
D:3:      layout_rooms, serial_bayou_pond_b, hex_intersection,
          uniq_crazy_yiuf_cottage
D:4:      layout_loops_ring, lemuel_doored_altar, uniq_pikel
D:5:      layout_loops_ring
D:6:      layout_loops_corners, overflow_temple_1_default,
          nemelex_spade_bored_becter

Skill      XL: |  1  2  3  4  5  6  7  8 |
---------------+-------------------------+-----
Stealth        | 6 7 8 9 10 | 10.3
Short Blades   | 3 4 |  4.3
Fighting       | 2 |  2.4
Dodging        | 2 |  2.7
Spellcasting   | 1 3 |  3.4
Throwing       | 5 6 |  6.6
Translocations | 2 |  2.1

Action                     |  1- 3 |  4- 6 |  7- 9 || total
---------------------------+-------+-------+-------++-------
  Melee: Dagger            |   116 |    93 |   169 ||   378
         Punch             |     1 |     1 |     1 ||     3
  Throw: Stone             |     7 |    11 |       ||    18
         Dart              |       |    20 |     7 ||    27
         Boomerang         |       |    66 |    20 ||    86
 Invoke: Renounce Religion |     1 |       |       ||     1
   Stab: Sleeping          |    14 |    11 |     8 ||    33
         Distracted        |     2 |     1 |       ||     3
 Armour: Robe              |    14 |     8 |     4 ||    26
  Dodge: Dodged            |    59 |    50 |    98 ||   207
